Map: Blackburn LE

Players

Shakyor - Winner!

  • Race: Terran Terran
  • League: Master

Unknown

  • Race: Zerg Zerg
  • League: Master

VOD

Have the link to the VOD?

Description

Time

  • Played on: Oct. 17, 2021, 7:39 a.m.
  • Length: 16:45
Show
View Real Time Build Order
Export as new Build Order

Shakyor Terran - Winner!

Build Orders: Reaper Expand 

Get SALT Encoding   

  12  0:00  SCV  
  13  0:12  SCV  
  14  0:17  Supply Depot  
  14  0:24  SCV  
  15  0:38  SCV  
  15  0:40  Barracks  
  16  0:44  Refinery  
  16  0:50  SCV  
  17  1:02  SCV  
  18  1:14  SCV  
  19  1:26  Orbital Command  
  19  1:27  Reaper  
  20  1:42  Command Center  
  20  1:54  SCV  
  20  1:58  Supply Depot  
  20  1:59  Marine  
  22  2:07  Engineering Bay  
  22  2:10  SCV  
  23  2:24  Factory  
  23  2:26  SCV  
  23  2:28  Barracks Reactor  
  24  2:35  Barracks  
  24  2:38  SCV  
  25  2:50  SCV  
  26  2:57  Orbital Command  
  26  3:02  SCV  
  27  3:14  Barracks Tech Lab  
  27  3:15  SCV  
  27  3:18  Hellion x2  
  32  3:22  Barracks Tech Lab  
  32  3:25  Barracks Reactor  
  32  3:26  SCV  
  34  3:27  SCV, Refinery  
  34  3:31  Supply Depot  
  34  3:37  Marine, Stimpack  
  34  3:38  SCV  
  34  3:39  Hellion  
  34  3:40  Hellion  
  40  3:42  SCV  
  41  3:50  SCV  
  41  3:54  SCV  
  41  3:55  Marine  
  44  3:56  Supply Depot  
  44  4:01  Hellion x2  
  44  4:02  SCV  
  49  4:06  SCV  
  50  4:11  Marine x2  
  50  4:13  Marine  
  50  4:14  SCV  
  54  4:18  SCV  
  54  4:19  Supply Depot  
  55  4:26  Starport  
  55  4:29  Marine x2  
  55  4:30  SCV x2  
  59  4:31  Marine  
  60  4:41  Supply Depot  
  60  4:42  SCV  
  61  4:47  Marine x2, SCV  
  61  4:49  Marine  
  65  4:53  Command Center  
  65  5:01  SCV x2  
  65  5:03  Supply Depot  
  66  5:12  Marine x2  
  66  5:13  Medivac x2, Marine, SCV x2  
  75  5:15  Factory Reactor  
  75  5:18  Barracks  
  75  5:24  Combat Shield  
  75  5:25  SCV x2  
  77  5:30  Marine  
  77  5:31  Refinery  
  77  5:32  Engineering Bay, Refinery  
  77  5:35  Engineering Bay  
  78  5:37  SCV x2  
  80  5:49  SCV  
  81  5:51  Marine  
  81  5:52  Marine x2  
  81  5:56  SCV  
  85  5:58  Barracks x2  
  85  5:59  Terran Infantry Weapons Level 1  
  85  6:01  Factory Reactor  
  85  6:02  Supply Depot, Terran Infantry Armor Level 1  
  85  6:06  Supply Depot  
  85  6:08  Orbital Command  
  85  6:10  Supply Depot  
  83  6:13  SCV  
  83  6:14  SCV  
  83  6:15  Marine  
  82  6:26  SCV  
  80  6:39  Marine x3  
  69  6:41  Medivac x2, Marine x2  
  69  6:45  Missile Turret  
  69  6:46  Missile Turret x2  
  69  6:47  Missile Turret x2  
  75  6:48  Missile Turret  
  72  6:57  Marine x3  
  72  6:58  Barracks Reactor x2  
  72  6:59  Widow Mine x2  
  72  7:01  Marine x2  
  76  7:03  SCV  
  76  7:04  SCV  
  78  7:12  Missile Turret  
  78  7:15  Armory  
  78  7:17  Marine x2  
  78  7:19  Marine x2  
  78  7:22  SCV x2  
  84  7:28  Marine  
  84  7:29  Widow Mine x2  
  89  7:34  Marine  
  90  7:44  Marine x5  
  90  7:45  Marine  
  90  7:46  Orbital Command  
  90  7:47  Medivac  
  98  7:54  Missile Turret  
  98  7:55  Missile Turret  
  98  7:56  Marine x3  
  101  8:01  Widow Mine  
  101  8:02  Marine x3  
  106  8:07  Marine x3  
  106  8:08  Missile Turret  
  109  8:16  Terran Infantry Weapons Level 2  
  109  8:19  Terran Infantry Armor Level 2  
  109  8:26  Marine  
  109  8:27  Marauder, Marine x4  
  114  8:42  Factory  
  114  8:48  Marauder, Marine x4  
  93  8:55  Marine x3  
  93  8:56  Marine  
  93  8:57  Medivac x2, Widow Mine x2  
  103  9:04  SCV x2  
  103  9:05  SCV  
  103  9:06  Marine  
  109  9:10  Marauder  
  109  9:11  Marine x3  
  109  9:13  Marine  
  109  9:16  SCV  
  109  9:17  SCV x2  
  116  9:21  Refinery  
  116  9:23  Supply Depot  
  116  9:25  Supply Depot  
  116  9:27  Medivac  
  116  9:28  SCV  
  119  9:33  Marine x6  
  119  9:34  Marine x3  
  119  9:35  Widow Mine, Factory Tech Lab  
  120  9:47  Missile Turret, SCV x3  
  120  9:51  Marine  
  124  9:54  Medivac, Widow Mine  
  124  9:55  Drilling Claws  
  124  9:56  Widow Mine, Marine  
  124  9:57  Marine x7  
  137  10:08  Marine  
  137  10:09  Widow Mine  
  140  10:14  Marine  
  140  10:15  Command Center, Supply Depot  
  140  10:16  Medivac, Marine x5, Supply Depot  
  148  10:27  Widow Mine, Marine x3  
  143  10:30  Medivac  
  143  10:32  Marine  
  143  10:34  Barracks  
  146  10:35  Barracks  
  146  10:38  Terran Infantry Weapons Level 3  
  146  10:39  Barracks  
  146  10:45  Widow Mine x2  
  146  10:46  Medivac, Marine x2  
  153  11:02  Missile Turret  
  153  11:03  Missile Turret  
  153  11:04  Marauder, Marine x3  
  153  11:05  Marine x4  
  153  11:08  Widow Mine  
  164  11:17  Supply Depot  
  159  11:26  Marauder, Marine  
  159  11:27  Marine  
  144  11:34  Marine  
  144  11:35  Marine x3  
  144  11:37  Marine x2  
  144  11:39  Barracks Reactor, Barracks Tech Lab x2  
  142  11:47  Marauder  
  142  11:49  Marine x2  
  142  11:51  Medivac, Widow Mine x3  
  142  11:52  Medivac, Marine x3  
  151  12:09  Marauder  
  151  12:13  Widow Mine x3  
  159  12:17  Marauder x2, Marine x9  
  172  12:30  Marauder  
  172  12:34  Widow Mine  
  172  12:35  Missile Turret  
  176  12:38  Missile Turret  
  176  12:41  Planetary Fortress  
  172  12:54  Medivac x2, Widow Mine x2  
  172  12:55  Widow Mine  
  172  12:58  Missile Turret  
  180  12:59  Missile Turret  
  180  13:00  Missile Turret  
  178  13:15  Widow Mine  
  157  13:24  Medivac x2  
  150  13:30  Marauder x3, Marine x8  
  150  13:31  Thor  
  168  13:47  Missile Turret, SCV x4  
  172  13:51  Marauder  
  172  13:54  Medivac  
  176  13:59  SCV  
  177  14:05  Terran Ship Weapons Level 1  
  177  14:07  Liberator, Refinery  
  177  14:08  Widow Mine x2  
  177  14:09  Refinery  
  164  14:24  Liberator  
  163  14:36  Missile Turret  
  156  14:41  Marauder x2, Marine x2  
  156  14:42  Marauder, Marine x8  
  172  14:59  Marine x3  
  174  15:03  Marauder  
  173  15:07  Marine x3  
  173  15:08  Marauder  
  179  15:14  Marauder, Marine x4  
  179  15:16  Widow Mine x2  
  179  15:17  Marine  
  188  15:27  Supply Depot x2  
  188  15:28  Command Center x2  
  188  15:41  Marauder x2, Marine x2  
  188  15:42  Widow Mine  
  170  15:52  Marauder, Marine x5  
  170  15:53  Marine x2  
  169  16:00  Marine  
  169  16:02  Marauder  
  169  16:03  Marauder  
  174  16:07  Marine x2  
  174  16:08  Medivac x2  
  174  16:10  Widow Mine  
  182  16:13  Marauder  
  182  16:15  Widow Mine x2  
  188  16:24  Marauder x2  
Show
View Real Time Build Order
Export as new Build Order

Unknown Zerg 

Build Orders: Hatch First 

Get SALT Encoding   

  12  0:00  Drone  
  13  0:08  Drone  
  14  0:17  Overlord  
  14  0:20  Extractor  
  13  0:24  Drone  
  15  0:36  Drone x2  
  17  0:52  Hatchery  
  17  0:56  Drone  
  17  0:59  Drone  
  18  1:11  Extractor  
  18  1:14  Spawning Pool  
  18  1:18  Drone  
  17  1:21  Drone  
  18  1:27  Drone  
  19  1:44  Overlord  
  19  1:52  Drone  
  20  2:01  Queen  
  20  2:02  Zergling x2  
  20  2:04  Queen  
  20  2:05  Zergling x2  
  26  2:13  Metabolic Boost  
  26  2:21  Drone x3  
  29  2:24  Spore Crawler  
  29  2:29  Drone  
  30  2:32  Drone  
  31  2:39  Overlord  
  31  2:40  Queen  
  33  2:48  Queen  
  35  2:54  Drone  
  36  3:04  Drone  
  36  3:05  Drone x3  
  40  3:23  Drone x4  
  40  3:24  Lair  
  44  3:35  Extractor  
  44  3:37  Extractor x2  
  44  3:40  Hatchery  
  40  3:43  Drone x4  
  44  3:51  Overlord, Baneling Nest  
  44  3:55  Overlord  
  43  4:01  Drone  
  44  4:09  Queen  
  46  4:10  Drone x4  
  46  4:12  Drone  
  46  4:14  Drone  
  52  4:34  Drone x4, Spire  
  52  4:37  Overlord  
  54  4:55  Zergling x6  
  54  4:56  Zergling x2  
  54  4:58  Drone  
  59  5:10  Queen  
  61  5:16  Overlord, Drone  
  61  5:17  Drone x8  
  70  5:36  Overlord x2  
  70  5:45  Mutalisk x5  
  80  5:55  Mutalisk x6  
  92  6:11  Zergling x2  
  92  6:12  Zergling x8  
  97  6:19  Overlord  
  97  6:22  Overlord x2  
  90  6:37  Zergling x18  
  91  6:42  Drone x2  
  90  6:56  Drone x3  
  93  7:11  Mutalisk x4  
  101  7:17  Hatchery  
  101  7:22  Zerg Flyer Weapons Level 1  
  100  7:25  Drone x3  
  100  7:26  Drone x3  
  106  7:33  Baneling x10  
  106  7:39  Overlord x4  
  106  8:04  Zergling x20  
  106  8:05  Centrifugal Hooks  
  114  8:07  Drone  
  114  8:08  Evolution Chamber x2  
  113  8:16  Baneling  
  113  8:17  Baneling x7  
  113  8:18  Overseer  
  113  8:19  Pneumatized Carapace  
  113  8:20  Drone x2  
  115  8:34  Zergling x2  
  115  8:35  Zergling x8  
  112  8:55  Mutalisk x4  
  112  9:05  Lair  
  112  9:13  Extractor  
  112  9:15  Extractor  
  110  9:23  Zergling x22  
  121  9:30  Hatchery  
  111  9:38  Zergling x2  
  111  9:39  Zergling x8  
  111  9:45  Drone x5  
  121  10:01  Zergling x2  
  121  10:03  Baneling  
  121  10:04  Baneling x9  
  122  10:13  Overlord x4  
  119  10:31  Baneling x17  
  119  10:32  Baneling x2  
  119  10:34  Drone x9  
  119  10:35  Drone x3  
  131  10:41  Overseer  
  131  10:44  Zerg Melee Weapons Level 1  
  131  10:48  Hatchery  
  130  11:05  Zerg Ground Armor Level 1  
  130  11:09  Zergling x14  
  137  11:11  Zergling x8  
  137  11:12  Zergling x4  
  137  11:17  Zergling x2  
  137  11:18  Zergling x12  
  150  11:21  Extractor  
  150  11:22  Extractor  
  141  11:32  Zergling x2  
  132  11:33  Zergling x10  
  129  11:52  Zergling x14  
  126  11:58  Overseer  
  126  12:01  Baneling x6  
  126  12:02  Baneling x5  
  126  12:04  Queen x2  
  126  12:05  Queen x2  
  134  12:17  Zergling x12  
  134  12:18  Zergling x12  
  134  12:21  Baneling x17  
  134  12:22  Zergling x4  
  148  12:39  Mutalisk x4  
  148  12:40  Mutalisk  
  148  12:43  Zerg Melee Weapons Level 2  
  155  12:56  Zergling x6  
  155  12:57  Zergling x6  
  159  13:01  Baneling  
  159  13:02  Baneling x20  
  146  13:24  Zergling x2  
  146  13:25  Zergling x26  
  153  13:28  Baneling x8  
  149  13:36  Zergling x8  
  152  13:48  Hydralisk Den  
  152  13:50  Infestation Pit  
  152  13:54  Zergling x10  
  155  14:07  Hatchery  
  155  14:08  Extractor x2  
  133  14:24  Zergling x26  
  130  14:34  Zergling x4  
  127  14:40  Zergling x8  
  127  14:45  Baneling x5  
  129  14:46  Baneling x13  
  121  14:54  Zergling x4  
  121  14:55  Zergling x6  
  121  14:59  Lurker Den  
  122  15:08  Zergling x8  
  122  15:09  Hatchery  
  122  15:10  Drone  
  126  15:21  Drone x3  
  126  15:22  Drone x3  
  94  15:52  Zergling x10  
  94  15:53  Zergling x18  
  94  15:56  Hydralisk x2  
  92  16:13  Baneling x7  
  92  16:14  Baneling x7  
  92  16:19  Hydralisk x2  
  92  16:36  Lurker x2  
Tags
 
Add a new tag
Caveats
  • Supply blocks, unpowered buildings, or Contaminate may cause inaccurate times.
  • Supply counts are checked every 10 seconds.